 Dungeon Crawl Stone Soup version 0.19.1 (console) character file.

207 Kloppie the Cudgeler (level 5, -6/51 HPs)
             Began as a Gargoyle Berserker on Nov 25, 2016.
             Was a Priest of Trog.
             Killed by divine providence
             ... invoked by an orc priest
              (10 damage)
             ... on level 4 of the Dungeon.
             The game lasted 00:03:39 (1969 turns).

Kloppie the Cudgeler (Gargoyle Berserker)           Turns: 1969, Time: 00:03:40

Health: -6/51      AC: 10    Str: 26    XL:     5   Next: 85%
Magic:  5/5        EV: 11    Int:  7    God:    Trog [***...]
Gold:   128        SH:  0    Dex: 10    Spells: 0 memorised, 4 levels left

rFire  . . .     SeeInvis .     a - +0 mace
rCold  . . .     Gourm    .     l - +0 ring mail
rNeg   + . .     Faith    .     (no shield)
rPois  ∞         Spirit   .     (no helmet)
rElec  +         Reflect  .     k - +0 cloak
rCorr  .         Harm     .     (no gloves)
MR     .....                    (no boots)
Stlth  ..........               (no amulet)
                                (no ring)
                                (no ring)

@: berserking, very quick
A: negative energy resistance 1, electricity resistance, unbreathing,
petrification resistance, rot immunity, AC +4
a: Berserk, Trog's Hand, Burn Spellbooks, Renounce Religion


You were on level 4 of the Dungeon.
You worshipped Trog.
Trog was most pleased with you.
You were hungry.

You visited 1 branch of the dungeon, and saw 4 of its levels.

You collected 128 gold pieces.

Inventory:

Hand Weapons
 a - a +0 mace (weapon)
 m - a +0 flail
Armour
 k - a +0 cloak (worn)
 l - a +0 ring mail (worn)
Scrolls
 b - 2 scrolls of teleportation {unknown}
 j - 5 scrolls of identify {unknown}
 o - a scroll of random uselessness {unknown}
 p - a scroll of fog {unknown}
Potions
 e - a potion of curing {unknown}
 f - a potion of ambrosia {unknown}
 g - a potion of mutation {unknown}
 n - 2 potions of might {unknown}
Comestibles
 c - 2 bread rations
 d - 4 fruits
 h - 9 chunks of flesh
 i - 3 meat rations


   Skills:
 + Level 4.4 Fighting
 * Level 5.6 Maces & Flails
 - Level 2.1 Armour
 - Level 1.5 Dodging


You had 4 spell levels left.
You didn't know any spells.

Dungeon Overview and Level Annotations

Branches:
Dungeon (4/15)
 Temple: D:4-7

Altars:
Gozag


Innate Abilities, Weirdness & Mutations

You are resistant to torment.
Your stone body is resilient. (AC +4)
You are immune to poison.
You resist negative energy. (rN+)
You are resistant to electric shocks. (rElec)
You can survive without breathing.
You are immune to petrification.
You are immune to rotting.


Message History

The orc wizard is almost dead.
The orc wizard hits you with a dagger.
* * * LOW HITPOINT WARNING * * *
You sock the orc wizard!
You kill the orc wizard!
Trog accepts your kill.
Trog appreciates your killing of a magic user.
You thump the orc!
You kill the orc!
Trog accepts your kill.
Your ring mail prevents you from hitting the orc priest.
The orc priest hits you with a hand axe.
* * * LOW HITPOINT WARNING * * *
You thump the orc priest!
The orc priest is almost dead.
You barely miss the orc priest.
The orc priest is almost dead.
The orc priest invokes the aid of Beogh against you.
Beogh smites you!
You die...

#.#.###.#.# #####.#.##..
#... ...#.# #. #.#....#
###.#####.# #. #.####.#
.......<)# #. #.# #.#
+#+#########^## #.# #.#
#......)# ## #># #.#
#.......# .. ..# #.#
#.......###.##### ### #.#
#.......'@oo..... ..#
#.......###.##############
#.......# #.#.......<.....
#.......# ..... ........#
#.......#####.##########.#
######..........)........#
########.############ #.#
#.#


You could see an orc priest and an orc.

Vanquished Creatures
  Terence (D:2)
  An orc wizard (D:4)
  3 adders
  A gnoll (D:1)
  2 oozes
  4 worms (D:3)
  3 dart slugs
  4 leopard geckos
  12 orcs
  5 giant cockroaches
  5 goblins
  9 hobgoblins
  8 jackals
  2 quokkas
  A ball python (D:1)
  4 bats
  8 frilled lizards
  3 kobolds
  5 rats
81 creatures vanquished.

Notes
Turn   | Place    | Note
-------+----------+-------------------------------------------
     0 | D:1      | Kloppie the Gargoyle Berserker began the quest for the Orb.
     0 | D:1      | Reached XP level 1. HP: 14/14 MP: 1/1
    43 | D:1      | Reached XP level 2. HP: 17/19 MP: 2/2
   369 | D:1      | Reached skill level 4 in Maces & Flails
   369 | D:1      | Reached XP level 3. HP: 23/23 MP: 3/3
   445 | D:1      | Reached ** piety under Trog
   882 | D:2      | Noticed Terence
   892 | D:2      | Killed Terence
   892 | D:2      | Reached XP level 4. HP: 29/29 MP: 4/4
   985 | D:2      | Found a faded altar of an unknown god.
  1369 | D:3      | Reached skill level 5 in Maces & Flails
  1378 | D:3      | Reached XP level 5. HP: 33/33 MP: 5/5
  1418 | D:3      | Found an opulent altar of Gozag.
  1607 | D:3      | Reached *** piety under Trog
  1969 | D:4      | Killed from afar by an orc priest

Skill      XL: |  1  2  3  4 |
---------------+-------------+-----
Maces & Flails | 4 5 |  5.6
Fighting       | 4 |  4.4
Armour         | |  2.1
Dodging        | |  1.5

Action                   |  1- 3 |  4- 6 || total
-------------------------+-------+-------++-------
Melee: Mace              |   115 |   137 ||   252
Invok: Berserk           |     3 |     3 ||     6
  Eat: Chunk             |     2 |     7 ||     9
Armor: Animal skin       |    22 |       ||    22
       Ring mail         |    28 |    49 ||    77
Dodge: Dodged            |    78 |    62 ||   140
